 Dungeon Crawl Stone Soup version 0.28-a0-1286-g6bde065e89 (webtiles) character file.

Game seed: 2278581499425271010

536 porpoise the Magician (level 7, 0/36 HPs)
             Began as a Deep Elf Conjurer on Dec 27, 2021.
             Slain by a lemure (3 damage)
             ... led by Pikel
             ... on level 4 of the Dungeon.
             The game lasted 00:09:37 (3461 turns).

porpoise the Magician (Deep Elf Conjurer)           Turns: 3461, Time: 00:09:38

Health: 0/36       AC:  5    Str:  4    XL:     7   Next: 4%
Magic:  8/19       EV: 12    Int: 25    God:
Gold:   111        SH:  0    Dex: 13    Spells: 9/20 levels left

rFire   . . .      SeeInvis .   b - +0 hunting sling
rCold   . . .      Faith    .   (no shield)
rNeg    . . .      Spirit   .   p - +0 robe
rPois   .          Reflect  .   m - +0 helmet
rElec   .          Harm     .   i - +0 cloak
rCorr   .          Rampage  .   k - +0 pair of gloves
Will    .....                   (no boots)
Stlth   ++........              (no amulet)
HPRegen 0.12/turn               (no ring)
MPRegen 0.16/turn               (no ring)

@: no status effects
A: no striking features
a: no special abilities


You were on level 4 of the Dungeon.
You visited 1 branch of the dungeon, and saw 4 of its levels.

You collected 111 gold pieces.

Inventory:

Hand Weapons
 a - a +0 short sword
 b - a +0 hunting sling (weapon)
Missiles
 e - 20 poisoned darts
 f - 35 stones
 n - 37 sling bullets (quivered ammo)
Armour
 i - a +0 cloak (worn)
 k - a +0 pair of gloves (worn)
 m - a +0 helmet (worn)
 p - a +0 robe (worn)
Scrolls
 c - a scroll of teleportation
 l - a scroll of holy word {unknown}
 q - a scroll of enchant weapon {unknown}
 r - a scroll of immolation {unknown}
Potions
 d - a potion of haste
 g - 2 potions of might
 h - a potion of flight
 j - a potion of mutation {unknown}
 o - a potion of heal wounds {unknown}


   Skills:
 - Level 2.4 Dodging
 + Level 2.6 Stealth
 - Level 7.0 Spellcasting
 - Level 5.3 Conjurations
 * Level 5.9 Hexes
 * Level 1.0 Translocations


You had 9 spell levels left.
You knew the following spells:

 Your Spells              Type           Power      Damage    Failure   Level
a - Magic Dart            Conj           100%       1d8       1%          1
b - Searing Ray           Conj           70%        2d7       1%          2
c - Fulminant Prism       Conj/Hex       18%        3d11      6%          4
d - Iskenderun's Mystic   Conj/Tloc      24%        2d7       19%         4

Your spell library contained the following spells:

 Spells                   Type           Power      Damage    Failure   Level
 Dazzling Flash           Conj/Hex       74%        N/A       1%          3
 Beastly Appendage        Tmut           16%        N/A       7%          1
 Wereblood                Tmut           8%         N/A       10%         2
 Spider Form              Tmut/Pois      8%         N/A       21%         3


Dungeon Overview and Level Annotations

Branches:
Dungeon (4/15)
 Temple: D:4-7

Altars:
Qazlal
Ru
The Shining One

Annotations:
D:4 Pikel


Message History

Casting: Searing Ray (safe; 1% risk of failure)
Confirm with . or Enter, or press ? or * to list all spells.
Restarting spell: Searing Ray (safe; 1% risk of failure)
Press: ? - help, Shift-Dir - straight line, f - Pikel, p - lemure
Aim: Pikel, wielding a +1 whip of freezing and wearing a +0 robe (heavily wounded, 76% to hit)
The searing ray hits Pikel.
Pikel is severely wounded.
The searing ray hits the lemure.
The lemure is moderately wounded.
The searing ray hits the lemure.
The lemure is lightly wounded. (Press . to maintain the ray.)
The lemure hits you but does no damage.
Pikel hits you with a +1 whip of freezing.
Pikel freezes you. The lemure barely misses you.
The searing ray hits Pikel.
Pikel is severely wounded.
The searing ray hits the lemure!
The lemure is severely wounded.
The searing ray hits the lemure.
The lemure is moderately wounded.
The lemure misses you. Pikel misses you. The lemure hits you.
The searing ray hits Pikel.
Pikel is severely wounded.
The searing ray hits the lemure!
The lemure is almost dead.
The lemure hits you.
Pikel hits you with a +1 whip of freezing.
Pikel freezes you.
* * * LOW HITPOINT WARNING * * *
The lemure hits you!
* * * LOW HITPOINT WARNING * * *
The searing ray hits Pikel!
Pikel is almost dead.
The searing ray hits the lemure!
You kill the lemure!
That felt strangely unrewarding.
You finish channelling your searing ray.
The lemure hits you.
You die...

#.#
##.#####+###+###+###...#
#.####.##.# ..## ..
###.# ##.#....#..##....
. ....###.#
#.......#......##.
........#
#.....#.#........
.........
###.......##._8_.#
...#.####
#.........##...5.# .#
#.####
#.#.......##..55.##.##
#.....
#.#.#.........@K......
#...###
#.#.#...#.####.####### .
#...##.##........
##..##.###########
...##.......#
##.#########.# #. # # #.


You could see Pikel and 3 lemures.

Vanquished Creatures
  Grinder (D:4)
  A black bear (D:4)
  A lemure (D:4)
  A centaur skeleton (D:4)
  An iguana (D:4)
  Natasha (twice) (D:3)
  Robin (D:3)
  5 adders
  An ufetubus (D:3)
  2 worms
  2 dart slugs
  An orc (D:3)
  2 bats
  5 endoplasms
  4 giant cockroaches
  13 goblins
  7 hobgoblins
  4 jackals (D:3)
  2 quokkas (D:1)
  7 ball pythons
  5 frilled lizards
  6 kobolds
  3 rats
77 creatures vanquished.

Vanquished Creatures (others)
  4 fungi (D:1)
  12 plants (D:1)
16 creatures vanquished.

Grand Total: 93 creatures vanquished

Notes
Turn   | Place    | Note
-------+----------+-------------------------------------------
     0 | D:1      | porpoise the Deep Elf Conjurer began the quest for the Orb.
     0 | D:1      | Reached XP level 1. HP: 10/10 MP: 6/6
   209 | D:1      | Reached XP level 2. HP: 15/15 MP: 5/8
   248 | D:1      | Learned a level 2 spell: Searing Ray
   671 | D:1      | Reached skill level 4 in Spellcasting
   723 | D:1      | Found a faded altar of an unknown god.
   773 | D:1      | Reached skill level 5 in Conjurations
   773 | D:1      | Reached XP level 3. HP: 19/19 MP: 7/10
  1678 | D:3      | Reached XP level 4. HP: 24/24 MP: 8/12
  1720 | D:3      | Learned a level 4 spell: Fulminant Prism
  1725 | D:3      | Learned a level 4 spell: Iskenderun's Mystic Blast
  1845 | D:3      | Noticed Natasha
  1849 | D:3      | Killed Natasha
  1850 | D:3      | Reached skill level 5 in Spellcasting
  1850 | D:3      | Reached skill level 1 in Hexes
  2052 | D:3      | Noticed Robin
  2056 | D:3      | Killed Robin
  2146 | D:3      | Noticed Natasha
  2176 | D:3      | Killed Natasha
  2177 | D:3      | Reached XP level 5. HP: 28/28 MP: 11/15
  2896 | D:4      | Noticed a black bear
  2902 | D:4      | Killed a black bear
  2903 | D:4      | Reached skill level 6 in Spellcasting
  2903 | D:4      | Reached XP level 6. HP: 32/32 MP: 12/17
  3162 | D:4      | Noticed Grinder
  3171 | D:4      | Killed Grinder
  3172 | D:4      | Reached skill level 7 in Spellcasting
  3172 | D:4      | Reached skill level 5 in Hexes
  3262 | D:4      | Found a sacrificial altar of Ru.
  3312 | D:4      | Reached XP level 7. HP: 34/36 MP: 11/19
  3380 | D:4      | Reached skill level 1 in Translocations
  3447 | D:4      | Found a glowing golden altar of the Shining One.
  3449 | D:4      | Found a stormy altar of Qazlal.
  3451 | D:4      | Noticed Pikel
  3461 | D:4      | Slain by a lemure

Illustrated notes

Levels and vault maps discovered:
D:1:      sevenhm_arrival_forest_fort_small_5, layout_basic,
          shapermc_ecumenical_altar_mp_ritualfount
D:2:      layout_basic
D:3:      layout_loops_ring, uniq_natasha, uniq_robin
D:4:      layout_loops_ring, okawaru_altar_gauntlet_db,
          chequers_temple_overflow_statue_of_worship,
          mainiacjoe_overflow_24_doors, patterned_corridor, uniq_pikel,
          uniq_grinder

Skill      XL: |  1  2  3  4  5  6  7 |
---------------+----------------------+-----
Spellcasting   | 4 5 6 7 |  7.0
Conjurations   | 5 |  5.3
Hexes          | 2 3 5 |  5.9
Translocations | 1 |  1.0
Dodging        | |  2.4
Stealth        | |  2.6

Action                   |  1- 3 |  4- 6 |  7- 9 || total
-------------------------+-------+-------+-------++-------
 Fire: Hunting sling     |       |     3 |       ||     3
 Cast: Magic Dart        |    43 |     9 |       ||    52
       Searing Ray       |     8 |    26 |     4 ||    38
  Use: Scroll            |     3 |     1 |       ||     4
Armor: Robe              |       |     3 |     1 ||     4
Dodge: Dodged            |     2 |    12 |     3 ||    17

Table legend: (Time is in decaauts)
 A = Elapsed time spent in this place.
 B = Non-inter-level travel time spent in this place.
 C = Inter-level travel time spent in this place.
 D = Time resting spent in this place.
 E = Time spent auto-exploring this place.
 F = Levels seen in this place.
 G = Mean time per level.
                   A        B        C        D        E       F      G
               +--------+--------+--------+--------+--------+-----+--------+
         Total |   3469 |   3391 |     78 |   1438 |   1481 |   4 |  867.2 |
       Dungeon |   3469 |   3391 |     78 |   1438 |   1481 |   4 |  867.2 |
               +--------+--------+--------+--------+--------+-----+--------+

Top non-repeatable levels by time:
     D:3: 1228 daAuts
     D:1: 935 daAuts
     D:2: 728 daAuts
     D:4: 576 daAuts
